 Dungeon Crawl Stone Soup version 0.30-a0-728-gc68057be0a (webtiles) character file.

Game seed: 9041353420993658858

201 Shayle the Sneak (level 5, 0/32 HPs)
             Began as a Tengu Brigand on Jan 31, 2023.
             Splashed by a jelly's acid (10 damage)
             ... in a sewer.
             The game lasted 00:06:23 (1512 turns).

Shayle the Sneak (Tengu Brigand)                    Turns: 1512, Time: 00:06:23

Health: 0/32       AC: -2    Str: 11    XL:     5   Next: 79%
Magic:  6/6        EV: 14    Int: 12    God:
Gold:   34         SH:  0    Dex: 17    Spells: 4/4 levels left

rFire   . . .      SeeInvis +    a - +2 dagger
rCold   . . .      Faith    .    (no shield)
rNeg    . . .      Spirit   .    h - +3 leather armour
rPois   .          Reflect  .    (helmet restricted)
rElec   .          Harm     .    c - +1 cloak
rCorr   .          Rampage  .    n - +0 pair of gloves
Will    .....                    (boots unavailable)
Stlth   +++                      (no amulet)
HPRegen 0.25/turn                k - ring of see invisible
MPRegen 0.10/turn                (no ring)

@: corroded, flying quickly and evasively, quick
A: beak, talons 3, nimble flight
a: no special abilities


You were in a sewer.
You visited 1 branch of the dungeon, and saw 3 of its levels.
You also visited: Sewer.

You collected 34 gold pieces.

Inventory:

Hand Weapons
 a - a +2 dagger (weapon)
 j - a +1 short sword of speed
Missiles
 d - 12 poisoned darts
 e - 2 curare-tipped darts (quivered)
Armour
 b - a +0 robe
 c - a +1 cloak (worn)
 h - a +3 leather armour (worn)
 n - a +0 pair of gloves (worn)
Jewellery
 k - a ring of see invisible (left hand)
Scrolls
 i - 3 scrolls of vulnerability
 l - 3 scrolls of teleportation
 m - a scroll of enchant weapon {unknown}
 r - a scroll of fear {unknown}
 s - a scroll of summoning {unknown}
Potions
 f - a potion of haste {unknown}
 g - a potion of degeneration {unknown}
 o - a potion of curing
 p - a potion of flight {unknown}
 q - 2 potions of brilliance {unknown}


   Skills:
 + Level 3.3 Fighting
 - Level 2.1 Short Blades
 - Level 2.0 Throwing
 + Level 2.3 Armour
 - Level 1.5 Dodging
 * Level 5.8 Stealth


You had 4 spell levels left.
You didn't know any spells.
Your spell library was empty.

Dungeon Overview and Level Annotations

Branches:
Dungeon (3/15)              Sewer (1/1)

Altars:


Innate Abilities, Weirdness & Mutations

You have a beak for a mouth.
You have claws for feet.
Your magical nature lets you fly swiftly and evasively.


Message History

You closely miss the giant cockroach.
The giant cockroach bites you but does no damage.
You hit the giant cockroach.
You kill the giant cockroach!
You hit the endoplasm. You claw the endoplasm.
You kill the endoplasm!
An endoplasm comes into view.
Found a gate leading back out of this place.
Found a bubbling orange potion.
The helpless endoplasm fails to defend itself.
You impale the endoplasm!!
You kill the endoplasm!
q - 2 bubbling orange potions (gained 1)
Found a clear potion.
A jelly comes into view.
The jelly quivers.
You hit the jelly. The acid corrodes you!
Your hands burn!
You claw the jelly.
The jelly is moderately wounded.
The jelly hits you but does no damage.
You hit the jelly.
Your hands burn!
The jelly is moderately wounded.
The jelly hits you but does no damage.
You hit the jelly but do no damage. The acid corrodes you!
Your hands burn!
You claw the jelly, but do no damage. You peck the jelly, but do no damage.
The jelly is moderately wounded.
The jelly hits you. The acid corrodes you!
You are splashed with acid!
You hit the jelly but do no damage.
Your hands burn!
You claw the jelly, but do no damage.
The jelly is moderately wounded.
Okay, then.
You aren't carrying any items that you can evoke.
Unknown command.
You feel better. The jelly barely misses you.
You barely miss the jelly.
The jelly is moderately wounded.
The jelly hits you. The acid corrodes you!
You are splashed with acid!
You completely miss the jelly.
The jelly is moderately wounded.
The jelly hits you.
You are splashed with acid!
You die...

#### #.!.##
###~...~#
##~.~.~.~.
##.@J.~# ####
#.~.#### #~~~#
##.~######
..~.##..~#~.~~##
#~~~#~..~~~.~∩#
#.~.~~~~~##..~#
##.~~.~~.~## .#
#.~~~##~..#
##~.~..##.##


You could see a jelly.

Vanquished Creatures
  A scorpion (D:2)
  4 adders
  2 river rats (Sewer)
  2 worms (D:2)
  3 dart slugs
  3 ball pythons
  15 endoplasms
  4 giant cockroaches
  5 goblins
  7 hobgoblins
  3 kobolds
  7 quokkas
  4 bats
  4 frilled lizards
  4 rats
68 creatures vanquished.

Notes
Turn   | Place    | Note
-------+----------+-------------------------------------------
     0 | D:1      | Shayle the Tengu Brigand began the quest for the Orb.
     0 | D:1      | Reached XP level 1. HP: 12/12 MP: 2/2
   164 | D:1      | Reached XP level 2. HP: 17/17 MP: 3/3
   632 | D:1      | Reached XP level 3. HP: 14/22 MP: 4/4
   714 | D:2      | Noticed a scorpion
   733 | D:2      | Reached skill level 1 in Armour
   752 | D:2      | Killed a scorpion
   753 | D:2      | Reached skill level 5 in Stealth
   753 | D:2      | Reached XP level 4. HP: 27/27 MP: 5/5
   829 | D:2      | Gained mutation: Your magical nature lets you fly swiftly
                  | and evasively. [Tengu growth]
   829 | D:2      | Reached XP level 5. HP: 32/32 MP: 6/6
  1231 | D:3      | Found a glowing drain.
  1261 | Sewer    | Entered a sewer
  1512 | Sewer    | Splashed by a jelly's acid

Illustrated notes

Levels and vault maps discovered:
D:1:      eino_arrival_water_cross, layout_loops_cross
D:2:      layout_rooms
D:3:      layout_loops_ring, gup_sewer_entry_pipe
Sewer:    sewer_hellmonk_slimy_pipes

Skill      XL: |  1  2  3  4  5 |
---------------+----------------+-----
Armour         | 1 2 |  2.3
Stealth        | 5 |  5.8
Fighting       | 3 |  3.3
Short Blades   | |  2.1
Throwing       | |  2.0
Dodging        | |  1.5

Action                     |  1- 3 |  4- 6 || total
---------------------------+-------+-------++-------
  Melee: Dagger            |    68 |    98 ||   166
         Kick              |    13 |    22 ||    35
         Peck              |    11 |    12 ||    23
  Throw: Dart              |     1 |     4 ||     5
    Use: Scroll            |       |     5 ||     5
         Potion            |       |     1 ||     1
   Stab: Sleeping          |     3 |     6 ||     9
 Armour: Robe              |     1 |       ||     1
         Leather armour    |    30 |    20 ||    50
  Dodge: Dodged            |    53 |    44 ||    97

Table legend: (Time is in decaauts)
 A = Elapsed time spent in this place.
 B = Non-inter-level travel time spent in this place.
 C = Inter-level travel time spent in this place.
 D = Time resting spent in this place.
 E = Time spent auto-exploring this place.
 F = Levels seen in this place.
 G = Mean time per level.
                   A        B        C        D        E       F      G
               +--------+--------+--------+--------+--------+-----+--------+
         Total |   1452 |   1420 |     32 |    206 |    541 |   4 |  363.0 |
       Dungeon |   1217 |   1185 |     32 |    126 |    527 |   3 |  405.7 |
         Sewer |    235 |    235 |      0 |     80 |     13 |   1 |  235.0 |
               +--------+--------+--------+--------+--------+-----+--------+

Top non-repeatable levels by time:
     D:1: 690 daAuts
     D:2: 391 daAuts
   Sewer: 235 daAuts
     D:3: 135 daAuts
